MLB
COLORADO ROCKIES @ MILWAUKEE BREWERS
04/02/2099
 
TOP OF THE 1ST
Colorado Rockies batting - Pitching for Milwaukee Brewers : RHP Miguel Vera
Pitching: RHP Miguel Vera
Batting: LHB Jeremy Papish 0-0: Foul Ball, location: 3FF
0-1: Ball
1-1: Ball
2-1: Foul Ball, location: 2F
2-2: Strikes out looking
Batting: RHB Hugo Sanchez 0-0: Swinging Strike
0-1: Swinging Strike
0-2: Ball
1-2: Strikes out swinging
Batting: RHB Bill Larimer 0-0: Ball
1-0: Foul Ball, location: 5FF
1-1: Foul Ball, location: 9LSF
1-2: Strikes out swinging
Top of the 1st over - 0 runs, 0 hits, 0 errors, 0 left on base; Colorado 0 - Milwaukee 0
BOTTOM OF THE 1ST
Milwaukee Brewers batting - Pitching for Colorado Rockies : RHP Dave Baldwin
Pitching: RHP Dave Baldwin
Batting: RHB Byron Weaver 0-0: Called Strike
0-1: Swinging Strike
0-2: Strikes out swinging
Batting: RHB Kyle Stewart 0-0: Ball
1-0: Foul Ball, location: 9LMFF
1-1: Ball
2-1: Swinging Strike
2-2: Foul Ball, location: 5FF
2-2: Fly out, F8 (Flyball, 8RM, EV 88.8 MPH)
Batting: LHB Alex Cruz 0-0: Called Strike
0-1: Ball
1-1: Ball
2-1: Foul Ball, location: 5DF
2-2: Fly out, F7 (Line Drive, 78M, EV 104.4 MPH)
Bottom of the 1st over - 0 runs, 0 hits, 0 errors, 0 left on base; Colorado 0 - Milwaukee 0
TOP OF THE 2ND
Colorado Rockies batting - Pitching for Milwaukee Brewers : RHP Miguel Vera
Batting: LHB Ken Calhoun 0-0: Ball
1-0: Ground out 4-3 (Groundball, 4, EV 86.9 MPH)
Batting: RHB Ricky Aguilera 0-0: Ball
1-0: Called Strike
1-1: DOUBLE (Line Drive, 8RXD, EV 95.6 MPH)
Batting: LHB Josh Bell 0-0: Called Strike
0-1: Fly out, F7 (Flyball, 7S, EV 98.1 MPH)
Batting: RHB John Stevens 0-0: Foul Ball, location: 5SF
0-1: Foul Ball, location: 2F
0-2: Ball
1-2: Strikes out swinging
Top of the 2nd over - 0 runs, 1 hit, 0 errors, 1 left on base; Colorado 0 - Milwaukee 0
BOTTOM OF THE 2ND
Milwaukee Brewers batting - Pitching for Colorado Rockies : RHP Dave Baldwin
Batting: RHB Tony Ledezma 0-0: Foul Ball, location: 23F
0-1: Ball
1-1: Foul Ball, location: 2F
1-2: Ball
2-2: Fly out, F9 (Flyball, 9S, EV 85.0 MPH)
Batting: LHB Chris Marcheski 0-0: Ball
1-0: Fly out, F6 (Popup, 6M, EV 61.9 MPH)
Batting: RHB Johnny Curet 0-0: Ball
1-0: Fly out, F9 (Flyball, 89D, EV 100.6 MPH)
Bottom of the 2nd over - 0 runs, 0 hits, 0 errors, 0 left on base; Colorado 0 - Milwaukee 0
TOP OF THE 3RD
Colorado Rockies batting - Pitching for Milwaukee Brewers : RHP Miguel Vera
Batting: RHB Mark Bevan 0-0: Ball
1-0: Foul Ball, location: 5F
1-1: Ball
2-1: Foul Ball, location: 3F
2-2: Foul Ball, location: 2F
2-2: SINGLE (Line Drive, 7S, EV 106.9 MPH)
Batting: LHB Dan McRae 0-0: Called Strike
0-1: Bunted foul
0-2: Ball
1-2: Strikes out swinging
Batting: LHB Jeremy Papish 0-0: Swinging Strike
0-1: Ball
1-1: Ball
2-1: Foul Ball, location: 3FF
2-2: Strikes out looking
Batting: RHB Hugo Sanchez 0-0: Foul Ball, location: 3F
0-1: Ball
1-1: Ball
2-1: Ball
3-1: Foul Ball, location: 2F
3-2: Strikes out swinging
Top of the 3rd over - 0 runs, 1 hit, 0 errors, 1 left on base; Colorado 0 - Milwaukee 0
BOTTOM OF THE 3RD
Milwaukee Brewers batting - Pitching for Colorado Rockies : RHP Dave Baldwin
Batting: SHB Jamie Saxton 0-0: SINGLE (Groundball, 34D, EV 101.9 MPH)
Batting: LHB Takashi Nakata 0-0: Ball
1-0: Swinging Strike
1-1: Foul Ball, location: 2RF
1-2: Strikes out swinging
Batting: RHB Carlos Cabal 0-0: Called Strike
0-1: Ball
1-1: Ball
2-1: Ball
3-1: Base on Balls
Jamie Saxton to second
Batting: RHB Byron Weaver 0-0: Ball
1-0: SINGLE (Groundball, 34S, EV 68.8 MPH) (infield hit)
Jamie Saxton to third
Carlos Cabal to second
Batting: RHB Kyle Stewart 0-0: Ball
1-0: Ball
2-0: SINGLE (Groundball, 34D, EV 101.9 MPH)
Jamie Saxton scores
Carlos Cabal to third
Byron Weaver to second
Runner from 3rd tries for Home, SAFE, throw by RF to home
Batting: LHB Alex Cruz 0-0: Called Strike
0-1: Fly out, F5 (Popup, 56S, EV 80.0 MPH)
Batting: RHB Tony Ledezma 0-0: Fly out, F8 (Flyball, 8LS, EV 94.4 MPH)
Bottom of the 3rd over - 2 runs, 3 hits, 0 errors, 2 left on base; Colorado 0 - Milwaukee 2
TOP OF THE 4TH
Colorado Rockies batting - Pitching for Milwaukee Brewers : RHP Miguel Vera
Batting: RHB Bill Larimer 0-0: Ball
1-0: Ball
2-0: Foul Ball, location: 3FF
2-1: Fly out, F9 (Flyball, 89M, EV 98.8 MPH)
Batting: LHB Ken Calhoun 0-0: Ball
1-0: Ground out 4-3 (Groundball, 4S, EV 65.6 MPH)
Batting: RHB Ricky Aguilera 0-0: Ball
1-0: Ball
2-0: Ball
3-0: Called Strike
3-1: Swinging Strike
3-2: Foul Ball, location: 2F
3-2: Foul Ball, location: 9LMF
3-2: Strikes out swinging
Top of the 4th over - 0 runs, 0 hits, 0 errors, 0 left on base; Colorado 0 - Milwaukee 2
BOTTOM OF THE 4TH
Milwaukee Brewers batting - Pitching for Colorado Rockies : RHP Dave Baldwin
Pitching: RHP Angel Cruz
Batting: LHB Chris Marcheski 0-0: Fly out, F9 (Flyball, 9, EV 66.9 MPH)
Batting: RHB Johnny Curet 0-0: Ground out U3 (Groundball, 34S, EV 90.6 MPH)
Batting: SHB Jamie Saxton 0-0: SINGLE (Flyball, 9S, EV 85.6 MPH) - OUT at second base trying to stretch hit.
Bottom of the 4th over - 0 runs, 1 hit, 0 errors, 0 left on base; Colorado 0 - Milwaukee 2
TOP OF THE 5TH
Colorado Rockies batting - Pitching for Milwaukee Brewers : RHP Miguel Vera
Now at 3B: Jamie Saxton
Now at SS: Cesar Oropeza
Now in LF: Joe Hardie
Batting: LHB Josh Bell 0-0: Ball
1-0: Ball
2-0: Ball
3-0: Base on Balls
Batting: RHB John Stevens 0-0: Called Strike
0-1: Ball
1-1: Foul Ball, location: 2F
1-2: Fly out, F9 (Flyball, 89M, EV 86.3 MPH)
Batting: RHB Mark Bevan 0-0: Ball
1-0: Ball
2-0: Called Strike
2-1: Foul Ball, location: 2F
2-2: Ball
3-2: Grounds into double play, 4-6-3 (Groundball, 34, EV 88.8 MPH)
Top of the 5th over - 0 runs, 0 hits, 0 errors, 0 left on base; Colorado 0 - Milwaukee 2
BOTTOM OF THE 5TH
Milwaukee Brewers batting - Pitching for Colorado Rockies : RHP Angel Cruz
Pitching: LHP Zander Gonzalez
Now at 1B: Tony Breitling
Batting: LHB Takashi Nakata 0-0: Foul Ball, location: 7LSF
0-1: Called Strike
0-2: Foul Ball, location: 2F
0-2: Fly out, F8 (Flyball, 8RD, EV 99.4 MPH)
Batting: RHB Carlos Cabal 0-0: Called Strike
0-1: Fly out, F7 (Flyball, 7D, EV 99.4 MPH)
Batting: RHB Byron Weaver 0-0: Called Strike
0-1: Fly out, F9 (Flyball, 9, EV 86.9 MPH)
Bottom of the 5th over - 0 runs, 0 hits, 0 errors, 0 left on base; Colorado 0 - Milwaukee 2
TOP OF THE 6TH
Colorado Rockies batting - Pitching for Milwaukee Brewers : RHP Miguel Vera
Pitching: RHP Pedro Velona
Now at C: David Levesque
Now at 3B: Kevin Cannon
Now in LF: Tony Graham
Now in CF: Joe Hardie
Now in RF: Ron Lenz
Batting: LHB Dan McRae 0-0: Foul Ball, location: 5SF
0-1: Ball
1-1: Ball
2-1: Foul Ball, location: 2F
2-2: Foul Ball, location: 7LMF
2-2: SINGLE (Line Drive, 6MD, EV 94.4 MPH)
Batting: LHB Jeremy Papish 0-0: Called Strike
0-1: Fielders Choice at 2nd, 4-6 (Groundball, 34, EV 77.5 MPH)
Pinch Hitting: LHB Mike Keatts 0-0: SINGLE (Line Drive, 78M, EV 88.1 MPH)
Jeremy Papish to second
Pinch Hitting: LHB Glenn Sewell 0-0: Ball
1-0: Foul Ball, location: 7LSF
1-1: Fielders Choice at 2nd, U4 (Groundball, 4M, EV 101.9 MPH)
Jeremy Papish to third
Pinch Hitting: LHB Jesus Pena 0-0: Ground out U3 (Groundball, 3, EV 81.3 MPH)
Top of the 6th over - 0 runs, 2 hits, 0 errors, 2 left on base; Colorado 0 - Milwaukee 2
BOTTOM OF THE 6TH
Milwaukee Brewers batting - Pitching for Colorado Rockies : LHP Zander Gonzalez
Pitching: RHP Danny Dudley
Now at 2B: Mike Keatts
Now in LF: Brian Hatcher
Now in CF: Jesus Pena
Now in RF: Glenn Sewell
Pinch Hitting: RHB John Gallegos 0-0: Called Strike
0-1: Swinging Strike
0-2: Fly out, F8 (Flyball, 8LD, EV 99.4 MPH)
Batting: RHB Joe Hardie 0-0: Ball
1-0: Ball
2-0: Called Strike
2-1: Foul Ball, location: 9LSF
2-2: Ball
3-2: Base on Balls
Batting: LHB Ron Lenz 0-0: Ball
1-0: Grounds into double play, 5-4-3 (Groundball, 56, EV 105.0 MPH)
Bottom of the 6th over - 0 runs, 0 hits, 0 errors, 0 left on base; Colorado 0 - Milwaukee 2
TOP OF THE 7TH
Colorado Rockies batting - Pitching for Milwaukee Brewers : RHP Pedro Velona
Now at 1B: John Gallegos
Now at 2B: Mike Hollenshead
Batting: RHB Tony Breitling 0-0: Ball
1-0: Foul Ball, location: 25FF
1-1: Fly out, F8 (Flyball, 8RD, EV 108.1 MPH)
Batting: LHB Josh Bell 0-0: Called Strike
0-1: Foul Ball, location: 3F
0-2: Foul Ball, location: 23FF
0-2: Strikes out swinging
Pinch Hitting: LHB Ivan Alcantar 0-0: Ball
1-0: Called Strike
1-1: Foul Ball, location: 7LDF
1-2: Foul Ball, location: 2F
1-2: Ball
2-2: Foul Ball, location: 3SF
2-2: Ball
3-2: Base on Balls
Batting: LHB Jim Davis 0-0: Ball
1-0: Called Strike
1-1: Ball
2-1: SINGLE (Groundball, 6MD, EV 105.0 MPH)
Ivan Alcantar to second
Pitching: LHP Mike Williams
Pinch Hitting: RHB Mike Woodard 0-0: 3-RUN HOME RUN (Flyball, 9D, EV 93.1 MPH), Distance : 364 ft
Batting: SHB Brian Hatcher 0-0: Ball
1-0: Called Strike
1-1: Ball
2-1: Ball
3-1: Foul Ball, location: 5F
3-2: Hit by Pitch, AND HE CHARGES THE MOUND! The benches clear!
Pitching: RHP Cesar de Lara
Pinch Runner at 1st Tony Thomas:
Batting: LHB Mike Keatts 0-0: Ball
1-0: Ball
Balk!
Tony Thomas to second
2-0: Ball
3-0: Called Strike
3-1: Called Strike
3-2: Foul Ball, location: 2F
3-2: Reached via error on a dropped throw from P, E3 (Groundball, 34S, EV 65.0 MPH)
Tony Thomas to third
Batting: LHB Glenn Sewell 0-0: Foul Ball, location: 2F
0-1: Swinging Strike
0-2: Foul Ball, location: 2F
0-2: Ball
1-2: Ball
2-2: Strikes out swinging
Top of the 7th over - 3 runs, 2 hits, 1 error, 2 left on base; Colorado 3 - Milwaukee 2
BOTTOM OF THE 7TH
Milwaukee Brewers batting - Pitching for Colorado Rockies : RHP Danny Dudley
Pitching: RHP Vinny Herrick
Now at C: Brenden Oxton
Now at 2B: Ivan Alcantar
Now at 3B: Mike Woodard
Now at SS: Mike Keatts
Now in LF: Orlando Serrano
Batting: SHB Mikizo Kubo 0-0: Ball
1-0: Called Strike
1-1: Ball
2-1: Foul Ball, location: 2F
2-2: Ball
3-2: Strikes out swinging
Pinch Hitting: SHB Roberto Lima 0-0: Ball
1-0: Ball
2-0: Ball
3-0: Called Strike
3-1: Base on Balls
Batting: RHB Kevin Cannon 0-0: Foul Ball, location: 3FF
0-1: Ball
1-1: Foul Ball, location: 23FF
1-2: DOUBLE (Line Drive, 78M, EV 106.3 MPH)
Roberto Lima to third
Pinch Hitting: SHB Juan Velasquez 0-0: Ball
1-0: Called Strike
1-1: Fly out, F6 (Popup, 6D, EV 59.4 MPH)
Batting: LHB Tony Graham 0-0: Called Strike
0-1: Foul Ball, location: 3FF
0-2: Ball
1-2: Foul Ball, location: 25F
1-2: Ball
2-2: Foul Ball, location: 3F
2-2: SINGLE (Line Drive, 7S, EV 104.4 MPH)
Roberto Lima scores
Kevin Cannon to third
Runner from 3rd tries for Home, SAFE, throw by LF to home
Batting: RHB David Levesque 0-0: Single, Error in OF, E7, batter to second base (Line Drive, 7S, EV 105.6 MPH)
Tony Graham to third
Batting: RHB John Gallegos 0-0: Ball
1-0: Ball
2-0: Foul Ball, location: 3SF
2-1: Called Strike
2-2: Ball
3-2: Foul Ball, location: 2F
3-2: Ground out 5-3 (Groundball, 56, EV 82.5 MPH)
Bottom of the 7th over - 2 runs, 3 hits, 1 error, 2 left on base; Colorado 3 - Milwaukee 4
TOP OF THE 8TH
Colorado Rockies batting - Pitching for Milwaukee Brewers : RHP Cesar de Lara
Now at 2B: Sean Howlett
Now at SS: Tyler Naberhaus
Batting: LHB Jesus Pena 0-0: Ball
1-0: Ball
2-0: Called Strike
2-1: Swinging Strike
2-2: Strikes out looking
Batting: RHB Tony Breitling 0-0: Ball
1-0: Ball
2-0: Swinging Strike
2-1: Called Strike
2-2: Strikes out swinging
Batting: RHB Orlando Serrano 0-0: Ball
1-0: Ball
2-0: Called Strike
2-1: Ball
3-1: Swinging Strike
3-2: Foul Ball, location: 9LSF
3-2: Foul Ball, location: 23FF
3-2: Base on Balls
Batting: LHB Ivan Alcantar 0-0: Ball
1-0: Called Strike
1-1: Ball
2-1: Foul Ball, location: 25FF
2-2: Foul Ball, location: 7LMF
2-2: Foul Ball, location: 9LMF
2-2: SINGLE (Groundball, 6MD, EV 97.5 MPH)
Orlando Serrano to second
Runner from 2nd tries for 3rd, SAFE, no throw by CF
Batting: LHB Jim Davis 0-0: Ball
1-0: 3-RUN HOME RUN (Flyball, 89XD, EV 108.1 MPH), Distance : 430 ft
Pitching: LHP Mario Cisneros
Batting: RHB Mike Woodard 0-0: Ball
1-0: Swinging Strike
1-1: Ball
2-1: Ball
3-1: Base on Balls
Batting: RHB Brenden Oxton 0-0: Ball
1-0: Ball
2-0: Ground out 5-3 (Groundball, 56S, EV 86.3 MPH)
Top of the 8th over - 3 runs, 2 hits, 0 errors, 1 left on base; Colorado 6 - Milwaukee 4
BOTTOM OF THE 8TH
Milwaukee Brewers batting - Pitching for Colorado Rockies : RHP Vinny Herrick
Pitching: RHP B.J. Williams
Batting: RHB Joe Hardie 0-0: Called Strike
0-1: Swinging Strike
0-2: Strikes out swinging
Batting: LHB Ron Lenz 0-0: SINGLE (Line Drive, 8RS, EV 106.3 MPH)
Batting: SHB Mikizo Kubo 0-0: Swinging Strike
0-1: SINGLE (Line Drive, 7S, EV 106.9 MPH)
Ron Lenz to second
Batting: RHB Tyler Naberhaus 0-0: SINGLE (Line Drive, 56D, EV 98.8 MPH)
Ron Lenz to third
Mikizo Kubo to second
Runner from 3rd tries for Home, SAFE, throw by LF to home
Pinch Hitting: LHB Matt Gollnick 0-0: Called Strike
0-1: Ball
1-1: Called Strike
1-2: Ball
2-2: SINGLE (Groundball, 34D, EV 99.4 MPH)
Mikizo Kubo to third
Tyler Naberhaus to second
Batting: RHB Sean Howlett 0-0: Foul Ball, location: 9LMF
0-1: Foul Ball, location: 9LSF
0-2: Ball
1-2: Ball
2-2: Foul Ball, location: 2F
2-2: Foul Ball, location: 2F
2-2: Foul Ball, location: 7LSF
2-2: Strikes out swinging
Batting: LHB Tony Graham 0-0: Ball
1-0: Called Strike
1-1: Called Strike
1-2: Strikes out swinging
Bottom of the 8th over - 1 run, 4 hits, 0 errors, 3 left on base; Colorado 6 - Milwaukee 5
TOP OF THE 9TH
Colorado Rockies batting - Pitching for Milwaukee Brewers : LHP Mario Cisneros
Now at 1B: Ivan Cano
Now at 3B: John Gallegos
Batting: LHB Mike Keatts 0-0: Ball
1-0: Ball
2-0: Swinging Strike
2-1: SINGLE (Line Drive, 78S, EV 90.6 MPH)
Batting: LHB Glenn Sewell 0-0: Called Strike
Mike Keatts is caught stealing 2nd base 2-6
0-1: Ball
1-1: Swinging Strike
1-2: SOLO HOME RUN (Flyball, 89XD, EV 107.5 MPH), Distance : 428 ft
Batting: LHB Jesus Pena 0-0: Called Strike
0-1: Ball
1-1: Ball
2-1: Ball
3-1: Base on Balls
Pinch Hitting: RHB Kosuke Sakai 0-0: Ball
1-0: Called Strike
1-1: Grounds into double play, 5-4-3 (Groundball, 15, EV 87.5 MPH)
Top of the 9th over - 1 run, 2 hits, 0 errors, 0 left on base; Colorado 7 - Milwaukee 5
BOTTOM OF THE 9TH
Milwaukee Brewers batting - Pitching for Colorado Rockies : RHP B.J. Williams
Pitching: LHP Chris Alexander
Now at 1B: Kosuke Sakai
Batting: RHB David Levesque 0-0: Ball
1-0: Ball
2-0: Called Strike
2-1: Fly out, F9 (Flyball, 9, EV 79.4 MPH)
Batting: RHB John Gallegos 0-0: Ball
1-0: Foul Ball, location: 2F
1-1: Ball
2-1: Foul Ball, location: 7LMFF
2-2: Ground out 5-3 (Groundball, 56, EV 94.4 MPH)
Batting: RHB Joe Hardie 0-0: Ball
1-0: Called Strike
1-1: Fly out, F7 (Line Drive, 7, EV 103.1 MPH)
Bottom of the 9th over - 0 runs, 0 hits, 0 errors, 0 left on base; Colorado 7 - Milwaukee 5
Thursday, May 2nd , 2024 - OOTP Baseball 24.11 Build 85